 Dungeon Crawl Stone Soup version 0.29-a0-577-gafbf2c5d25 (webtiles) character file.

Game seed: 17211578352305497990

67 happo123 the Sneak (level 3, -2/20 HPs)
             Began as a Vampire Enchanter on June 14, 2022.
             Slain by an adder (3 damage)
             ... on level 2 of the Dungeon.
             The game lasted 00:05:34 (1219 turns).

happo123 the Sneak (Vampire Enchanter)              Turns: 1219, Time: 00:05:34

Health: -2/20      AC:  5    Str:  7    XL:     3   Next: 98%
Magic:  1/6        EV: 12    Int: 19    God:
Gold:   9          SH:  0    Dex: 14    Spells: 1/6 levels left

rFire   . . .      SeeInvis +   a - +1 dagger
rCold   + + .      Faith    .   (no shield)
rNeg    + + +      Spirit   .   b - +0 robe
rPois   ∞          Reflect  .   (no helmet)
rElec   .          Harm     .   (no cloak)
rCorr   .          Rampage  .   (no gloves)
Will    .....                   j - +2 pair of boots {Stlth+}
Stlth   ++++++....              (no amulet)
HPRegen 0.00/turn               (no ring)
MPRegen 0.10/turn               (no ring)

@: bloodless, inhibited regen
A: bloodless, fangs 3, see invisible, vampiric 2
a: Bat Form, Revivify


You were on level 2 of the Dungeon.
You visited 1 branch of the dungeon, and saw 2 of its levels.

You collected 9 gold pieces.

Inventory:

Hand Weapons
 a - a +1 dagger (weapon)
Armour
 b - a +0 robe (worn)
 j - a +2 pair of boots of stealth (worn)
Jewellery
 d - an amulet of faith
Scrolls
 e - a scroll of summoning {unknown}
 g - a scroll of teleportation {unknown}
 h - 2 scrolls of identify {unknown}
Potions
 c - 2 potions of invisibility
 f - 3 potions of berserk rage {unknown}
 i - a potion of haste {unknown}
 k - 2 potions of brilliance {unknown}
 l - a potion of lignification {unknown}
 m - a potion of mutation {unknown}
 n - a potion of curing {unknown}


   Skills:
 + Level 0.9 Fighting
 + Level 1.7 Short Blades
 + Level 2.5 Dodging
 * Level 5.3 Stealth
 + Level 2.3 Spellcasting
 * Level 5.1 Hexes
 + Level 0.5 Ice Magic


You had one spell level left.
You knew the following spells:

 Your Spells              Type           Power      Damage    Failure   Level
a - Ensorcelled Hibernat  Hex/Ice        24%        N/A       8%          2
b - Confusing Touch       Hex            21%        N/A       6%          3

Your spell library contained the following spells:

 Spells                   Type           Power      Damage    Failure   Level
 Sandblast                Erth           4%         2d4       16%         1
 Tukima's Dance           Hex            21%        N/A       6%          3
 Dazzling Flash           Conj/Hex       24%        N/A       17%         3
 Passwall                 Tmut/Erth      1%         N/A       24%         2
 Stone Arrow              Conj/Erth      4%         3d7       43%         3


Dungeon Overview and Level Annotations

Branches:
Dungeon (2/15)

Altars:


Innate Abilities, Weirdness & Mutations

You do not regenerate when monsters are visible.
You are frail without blood (-20% HP).
You can heal yourself when you bite living creatures.
You are immune to poison.
You have razor-sharp teeth.
You have supernaturally acute eyesight. (SInv)
You are afflicted with vampirism and can become a bat while bloodless.


Message History

The endoplasm freezes you.
You are frozen.
You resist. The rat bites you.
You closely miss the rat. The giant cockroach closely misses you.
The endoplasm freezes you.
You are frozen.
You resist. The rat bites you but does no damage.
Aiming: Ensorcelled Hibernation (safe; 8% risk of failure)
Press: ? - help, Q - select action Shift-Dir - straight line, f - endoplasm, p - giant cockroach
Aim: an endoplasm (chance to affect: 63%)
The endoplasm looks drowsy...
The giant cockroach barely misses you. The rat barely misses you.
The helpless endoplasm fails to defend itself.
You impale the endoplasm!!
You kill the endoplasm!
The giant cockroach bites you but does no damage.
The rat bites you but does no damage.
You don't have enough magic to cast this spell.
You closely miss the adder. Your punch misses the adder.
The giant cockroach bites you but does no damage.
The adder barely misses you. The rat barely misses you.
You miss the adder. The adder bites you. The giant cockroach barely misses you.
The adder bites you.
The giant cockroach bites you but does no damage.
The rat bites you but does no damage.
You hit the adder.
The adder is moderately wounded.
The adder closely misses you. The giant cockroach barely misses you.
The rat barely misses you.
You miss the adder. Your bite misses the adder.
The adder is moderately wounded.
The adder bites you. The giant cockroach barely misses you.
The giant cockroach attacks as you move away!
The giant cockroach misses you.
You see here an adder corpse.
The adder bites you but does no damage. The rat bites you. The adder bites you.
* * * LOW HITPOINT WARNING * * *
The adder bites you.
* * * LOW HITPOINT WARNING * * *
The giant cockroach bites you but does no damage.
The adder attacks as you move away! The adder bites you.
You die...

#.........# #..###.###.#.#
#.........# ##.# #.# #.#.#
#.........### #.# #.###.#.#
.#.........#...#.###.#......
...........#.#.#..##.#.#.#..
#........$#.#...).[..)#.#..
#.........#.###..##.###.#..
#............#.# #.#.#
#.†.S@...###.#.# #.#.#
#..rB....# #...# #.#.#
####.##### ##..# #.#.# .....
#..###.#.. .........
###>......# ...........
#.......... ...........
#.###.....# g.......... #.
#.....# # #.....#


You could see an adder, a giant cockroach, a hobgoblin (asleep) and a rat.

Vanquished Creatures
  3 adders (D:2)
  A dart slug (D:1)
  3 endoplasms
  A giant cockroach (D:1)
  4 goblins
  4 hobgoblins
  5 jackals
  A quokka (D:1)
  4 ball pythons
  A bat (D:1)
  A frilled lizard (D:1)
  4 kobolds
  4 rats (D:1)
36 creatures vanquished.

Notes
Turn   | Place    | Note
-------+----------+-------------------------------------------
     0 | D:1      | happo123 the Vampire Enchanter began the quest for the Orb.
     0 | D:1      | Reached XP level 1. HP: 13/13 MP: 3/3
   132 | D:1      | Noticed a great orb of eyes
   134 | D:1      | Found a faded altar of an unknown god.
   137 | D:1      | Reached XP level 2. HP: 19/19 MP: 5/5
   140 | D:1      | Learned a level 2 spell: Ensorcelled Hibernation
   186 | D:1      | Noticed an eye of devastation
   389 | D:1      | Noticed a great orb of eyes
   398 | D:1      | Noticed an eye of devastation
   847 | D:1      | Reached skill level 5 in Stealth
   899 | D:2      | Gained mutation: You are afflicted with vampirism and can
                  | become a bat while bloodless. [Vampire growth]
   899 | D:2      | Reached XP level 3. HP: 20/20 MP: 3/6
   921 | D:2      | Reached skill level 5 in Hexes
   926 | D:2      | Learned a level 3 spell: Confusing Touch
  1217 | D:2      | HP: 1/20 [adder (4)]
  1219 | D:2      | Slain by an adder

Illustrated notes

Levels and vault maps discovered:
D:1:      dpeg_arrival_yet_another_circle, layout_basic,
          hellmonk_ecumenical_altar_watching_god
D:2:      layout_basic

Skill      XL: |  1  2  3 |
---------------+----------+-----
Stealth        | 5 |  5.3
Hexes          | 5 |  5.1
Fighting       | |  0.9
Short Blades   | |  1.7
Dodging        | |  2.5
Spellcasting   | |  2.3
Ice Magic      | |  0.5

Action                   || total
-------------------------++-------
Melee: Dagger            ||    80
       Bite              ||     8
 Cast: Ensorcelled Hiber ||    13
 Abil: Exsanguinate      ||     1
 Stab: Sleeping          ||    23
Armor: Robe              ||    22
Dodge: Dodged            ||    49

Table legend: (Time is in decaauts)
 A = Elapsed time spent in this place.
 B = Non-inter-level travel time spent in this place.
 C = Inter-level travel time spent in this place.
 D = Time resting spent in this place.
 E = Time spent auto-exploring this place.
 F = Levels seen in this place.
 G = Mean time per level.
                   A        B        C        D        E       F      G
               +--------+--------+--------+--------+--------+-----+--------+
         Total |   1213 |   1174 |     39 |      0 |    864 |   2 |  606.5 |
       Dungeon |   1213 |   1174 |     39 |      0 |    864 |   2 |  606.5 |
               +--------+--------+--------+--------+--------+-----+--------+

Top non-repeatable levels by time:
     D:1: 892 daAuts
     D:2: 321 daAuts
